| TOP OF THE 1ST |
|
Winston-Salem Spirits batting - Pitching for Greensboro Hornets : LHP Michael Vickers
|
|
Pitching: LHP Michael Vickers
|
|
|
Batting: RHB Guadalupe Garcia
|
0-0: Called Strike 0-1: Swinging Strike 0-2: Ball 1-2: Ball 2-2: Foul Ball, location: 2F 2-2: Ground out U3 (Groundball, 3, EV 96.9 MPH)
|
|
Batting: RHB Carlos Rios
|
0-0: Ground out 6-3 (Groundball, 6, EV 101.9 MPH)
|
|
Batting: RHB Chuckie Canady
|
0-0: Called Strike 0-1: Ground out 6-3 (Groundball, 6S, EV 73.1 MPH)
|
| Top of the 1st over - 0 runs, 0 hits, 0 errors, 0 left on base; Winston-Salem 0 - Greensboro 0 |
| BOTTOM OF THE 1ST |
|
Greensboro Hornets batting - Pitching for Winston-Salem Spirits : LHP Calvin Riggar
|
|
Pitching: LHP Calvin Riggar
|
|
|
Batting: RHB Jay Greb
|
0-0: Ball 1-0: Ball 2-0: Ball 3-0: Called Strike 3-1: Ground out 6-3 (Groundball, 4M, EV 104.4 MPH)
|
|
Batting: RHB Douglas Foster
|
0-0: Ball 1-0: Called Strike 1-1: Ball 2-1: Ball 3-1: Base on Balls
|
|
Batting: RHB Joe Citari
|
0-0: Ball 1-0: Ball 2-0: Ball 3-0: Called Strike 3-1: Called Strike 3-2: Ground out 5-3 (Groundball, 5S, EV 67.5 MPH) Douglas Foster to second
|
|
Batting: LHB John Hughes
|
0-0: Foul Ball, location: 2F 0-1: Foul Ball, location: 2F 0-2: Ball 1-2: SINGLE (Flyball, 8RS, EV 91.9 MPH) Douglas Foster to third Runner from 3rd tries for Home, SAFE, throw by CF to home
|
|
Batting: LHB Stephen DeMatties
|
0-0: Swinging Strike 0-1: Ball 1-1: Fly out, F6 (Popup, 6, EV 71.9 MPH)
|
| Bottom of the 1st over - 1 run, 1 hit, 0 errors, 1 left on base; Winston-Salem 0 - Greensboro 1 |
| TOP OF THE 2ND |
|
Winston-Salem Spirits batting - Pitching for Greensboro Hornets : LHP Michael Vickers
|
|
Batting: RHB William Lockwood
|
0-0: Foul Ball, location: 2F 0-1: Fly out, F6 (Popup, 56D, EV 46.3 MPH)
|
|
Batting: RHB Jeffrey Smith
|
0-0: Ball 1-0: Ball 2-0: Ground out 6-3 (Groundball, 6M, EV 90.6 MPH)
|
|
Batting: SHB Danny Torres
|
0-0: Ball 1-0: Ball 2-0: Called Strike 2-1: Ball 3-1: Foul Ball, location: 2F 3-2: Foul Ball, location: 2F 3-2: Foul Ball, location: 2F 3-2: Foul Ball, location: 2F 3-2: Foul Ball, location: 2F 3-2: Foul Ball, location: 2F 3-2: Fly out, F8 (Flyball, 8RM, EV 88.1 MPH)
|
| Top of the 2nd over - 0 runs, 0 hits, 0 errors, 0 left on base; Winston-Salem 0 - Greensboro 1 |
| BOTTOM OF THE 2ND |
|
Greensboro Hornets batting - Pitching for Winston-Salem Spirits : LHP Calvin Riggar
|
|
Batting: RHB Lindon Duncan
|
0-0: Ball 1-0: Ball 2-0: Ball 3-0: Base on Balls
|
|
Batting: RHB Jim Bishop
|
0-0: Ball 1-0: Ball 2-0: Foul Ball, location: 2F 2-1: DOUBLE (Line Drive, 7LS, EV 105.0 MPH) Lindon Duncan to third Runner from 3rd tries for Home, SAFE, throw by LF to home
|
|
Batting: RHB John Lohse
|
0-0: Swinging Strike 0-1: Ball 1-1: Ball 2-1: Ground out 6-3 (Groundball, 6M, EV 106.3 MPH) Jim Bishop to third
|
|
Batting: SHB Porter Wyatt
|
0-0: Ball 1-0: Ball 2-0: Ball 3-0: Called Strike 3-1: Base on Balls
|
|
Batting: RHB Jay Greb
|
0-0: Ball 1-0: Ball 2-0: Ball 3-0: Called Strike 3-1: Called Strike 3-2: SINGLE (Groundball, 56D, EV 103.8 MPH) Jim Bishop scores Porter Wyatt to second
|
|
Batting: RHB Douglas Foster
|
0-0: Ball 1-0: Ball Porter Wyatt steals 3rd base (no throw) Jay Greb to second 2-0: Ball 3-0: Called Strike 3-1: SINGLE (Line Drive, 34D, EV 101.9 MPH) Porter Wyatt scores Jay Greb to third
|
|
Batting: RHB Joe Citari
|
0-0: Ball 1-0: 3-RUN HOME RUN (Flyball, 7D, EV 103.1 MPH), Distance : 367 ft
|
|
Pitching: RHP David Trout
|
|
|
Batting: LHB John Hughes
|
0-0: SOLO HOME RUN (Flyball, 9D, EV 93.8 MPH), Distance : 360 ft
|
|
Batting: LHB Stephen DeMatties
|
0-0: Ball 1-0: Foul Ball, location: 2F 1-1: Ball 2-1: Called Strike 2-2: Reached on error, E4 (Groundball, 4M, EV 101.9 MPH)
|
|
Batting: RHB Lindon Duncan
|
0-0: Ball 1-0: Ball 2-0: Ball 3-0: Called Strike 3-1: Foul Ball, location: 2F 3-2: Grounds into double play, 6-4-3 (Groundball, 6, EV 100.0 MPH)
|
| Bottom of the 2nd over - 7 runs, 5 hits, 1 error, 0 left on base; Winston-Salem 0 - Greensboro 8 |
| TOP OF THE 3RD |
|
Winston-Salem Spirits batting - Pitching for Greensboro Hornets : LHP Michael Vickers
|
|
Batting: RHB Craig Walck
|
0-0: Ball 1-0: Called Strike 1-1: Ball 2-1: Fly out, F8 (Flyball, 8LS, EV 87.5 MPH)
|
|
Batting: RHB Angelo Ross
|
0-0: Ball 1-0: Fly out, F9 (Line Drive, 9D, EV 100.0 MPH)
|
|
Batting: RHB Paul Niggebrugge
|
0-0: Ball 1-0: Ground out 4-3 (Groundball, 4S, EV 81.9 MPH)
|
| Top of the 3rd over - 0 runs, 0 hits, 0 errors, 0 left on base; Winston-Salem 0 - Greensboro 8 |
| BOTTOM OF THE 3RD |
|
Greensboro Hornets batting - Pitching for Winston-Salem Spirits : RHP David Trout
|
|
Batting: RHB Jim Bishop
|
0-0: Ball 1-0: Foul Ball, location: 2F 1-1: Called Strike 1-2: Ball 2-2: SINGLE (Groundball, 6MD, EV 107.5 MPH)
|
|
Batting: RHB John Lohse
|
0-0: Foul Ball, location: 2F 0-1: Called Strike 0-2: Fielders Choice at 2nd, 5-4 (Groundball, 56, EV 102.5 MPH)
|
|
Batting: SHB Porter Wyatt
|
0-0: Ball 1-0: Foul Ball, location: 2F 1-1: SINGLE (Line Drive, 8RS, EV 100.6 MPH) John Lohse to second
|
|
Batting: RHB Jay Greb
|
0-0: Fly out, F7 (Flyball, 78S, EV 91.3 MPH)
|
|
Batting: RHB Douglas Foster
|
0-0: Called Strike 0-1: Ball 1-1: Foul Ball, location: 2F 1-2: Ball 2-2: DOUBLE (Groundball, 5L, EV 106.3 MPH) John Lohse scores Porter Wyatt to third Runner from 3rd tries for Home, SAFE, no throw by LF
|
|
Batting: RHB Joe Citari
|
0-0: Foul Ball, location: 2F 0-1: Ball 1-1: Foul Ball, location: 2F 1-2: Foul Ball, location: 2F 1-2: Ball 2-2: Fly out, F3 (Flyball, 3D, EV 83.1 MPH)
|
| Bottom of the 3rd over - 2 runs, 3 hits, 0 errors, 1 left on base; Winston-Salem 0 - Greensboro 10 |
| TOP OF THE 4TH |
|
Winston-Salem Spirits batting - Pitching for Greensboro Hornets : LHP Michael Vickers
|
|
Batting: RHB Guadalupe Garcia
|
0-0: Called Strike 0-1: Ball 1-1: Ball 2-1: Ball 3-1: Foul Ball, location: 2F 3-2: Strikes out swinging
|
|
Batting: RHB Carlos Rios
|
0-0: Ball 1-0: SINGLE (Groundball, 5S, EV 69.4 MPH) (infield hit)
|
|
Batting: RHB Chuckie Canady
|
0-0: Called Strike 0-1: Fielders Choice at 2nd, 6-4 (Groundball, 56D, EV 111.9 MPH)
|
|
Batting: RHB William Lockwood
|
0-0: Foul Ball, location: 2F 0-1: Fly out, F8 (Flyball, 8LM, EV 89.4 MPH)
|
| Top of the 4th over - 0 runs, 1 hit, 0 errors, 1 left on base; Winston-Salem 0 - Greensboro 10 |
| BOTTOM OF THE 4TH |
|
Greensboro Hornets batting - Pitching for Winston-Salem Spirits : RHP David Trout
|
|
Batting: LHB John Hughes
|
0-0: Foul Ball, location: 2F 0-1: Ball 1-1: Ball 2-1: Ground out 6-3 (Groundball, 56, EV 101.3 MPH)
|
|
Batting: LHB Stephen DeMatties
|
0-0: Ball 1-0: Ball 2-0: Ball 3-0: Base on Balls
|
|
Batting: RHB Lindon Duncan
|
0-0: Ball 1-0: Ball 2-0: Ball 3-0: Base on Balls Stephen DeMatties to second
|
|
Pitching: LHP Michael Yesenchak
|
|
|
Batting: RHB Jim Bishop
|
0-0: Ball 1-0: Called Strike 1-1: Foul Ball, location: 2F 1-2: Ball 2-2: Ball 3-2: Base on Balls Stephen DeMatties to third Lindon Duncan to second
|
|
Batting: RHB John Lohse
|
0-0: Called Strike 0-1: Fly out, F4 (Line Drive, 4, EV 73.8 MPH)
|
|
Batting: SHB Porter Wyatt
|
0-0: Ball 1-0: Ball 2-0: Called Strike 2-1: Foul Ball, location: 2F 2-2: Foul Ball, location: 2F 2-2: Foul Ball, location: 2F 2-2: Ball 3-2: Base on Balls Stephen DeMatties scores Lindon Duncan to third Jim Bishop to second
|
|
Batting: RHB Jay Greb
|
0-0: Foul Ball, location: 2F 0-1: Swinging Strike 0-2: Ball 1-2: Ball 2-2: Ball 3-2: Foul Ball, location: 2F 3-2: Fly out, F8 (Flyball, 8RS, EV 82.5 MPH)
|
| Bottom of the 4th over - 1 run, 0 hits, 0 errors, 3 left on base; Winston-Salem 0 - Greensboro 11 |
| TOP OF THE 5TH |
|
Winston-Salem Spirits batting - Pitching for Greensboro Hornets : LHP Michael Vickers
|
|
Batting: RHB Jeffrey Smith
|
0-0: Ball 1-0: SINGLE (Line Drive, 34D, EV 108.8 MPH)
|
|
Batting: SHB Danny Torres
|
0-0: Called Strike 0-1: Ball 1-1: Ball 2-1: Ball 3-1: Called Strike 3-2: Foul Ball, location: 2F 3-2: DOUBLE (Line Drive, 78D, EV 109.4 MPH) Jeffrey Smith to third
|
|
Batting: RHB Craig Walck
|
0-0: Ball 1-0: Fly out, F4 (Flyball, 3D, EV 96.9 MPH)
|
|
Batting: RHB Angelo Ross
|
0-0: Ball 1-0: Foul Ball, location: 2F 1-1: Ball 2-1: Ball 3-1: Called Strike 3-2: Base on Balls
|
|
Batting: RHB Paul Niggebrugge
|
0-0: Called Strike 0-1: Swinging Strike 0-2: Ball 1-2: Ball 2-2: Strikes out looking
|
|
Batting: RHB Guadalupe Garcia
|
0-0: Ball 1-0: Ball 2-0: Called Strike 2-1: Ball 3-1: Called Strike 3-2: Foul Ball, location: 2F 3-2: Ground out 6-3 (Groundball, 6, EV 104.4 MPH)
|
| Top of the 5th over - 0 runs, 2 hits, 0 errors, 3 left on base; Winston-Salem 0 - Greensboro 11 |
| BOTTOM OF THE 5TH |
|
Greensboro Hornets batting - Pitching for Winston-Salem Spirits : LHP Michael Yesenchak
|
|
Batting: RHB Douglas Foster
|
0-0: Ball 1-0: Ball 2-0: Ball 3-0: Called Strike 3-1: Base on Balls
|
|
Batting: RHB Joe Citari
|
0-0: Called Strike 0-1: Called Strike 0-2: Ball 1-2: Foul Ball, location: 2F 1-2: Foul Ball, location: 2F 1-2: Ball 2-2: Ball 3-2: Base on Balls Douglas Foster to second
|
|
Pitching: LHP Ernie Ramirez
|
|
|
Batting: LHB John Hughes
|
0-0: Foul Ball, location: 2F 0-1: Ball 1-1: Foul Ball, location: 2F 1-2: Foul Ball, location: 2F 1-2: Fielders Choice at 2nd, 5-4 (Groundball, 56S, EV 90.6 MPH) Douglas Foster to third
|
|
Batting: LHB Stephen DeMatties
|
0-0: Foul Ball, location: 2F 0-1: Swinging Strike 0-2: Ball 1-2: Foul Ball, location: 2F 1-2: Grounds into double play, 1-6-3 (Groundball, 34S, EV 66.9 MPH)
|
| Bottom of the 5th over - 0 runs, 0 hits, 0 errors, 1 left on base; Winston-Salem 0 - Greensboro 11 |
| TOP OF THE 6TH |
|
Winston-Salem Spirits batting - Pitching for Greensboro Hornets : LHP Michael Vickers
|
|
Batting: RHB Carlos Rios
|
0-0: SINGLE (Groundball, 56S, EV 68.8 MPH) (infield hit)
|
|
Batting: RHB Chuckie Canady
|
0-0: Ball Carlos Rios steals 2nd base 1-0: Ball 2-0: Called Strike 2-1: Ball 3-1: Called Strike 3-2: Foul Ball, location: 2F 3-2: Foul Ball, location: 2F 3-2: Base on Balls
|
|
Batting: RHB William Lockwood
|
0-0: Ball 1-0: Called Strike 1-1: Ball 2-1: Ball 3-1: Base on Balls Carlos Rios to third Chuckie Canady to second
|
|
Batting: RHB Jeffrey Smith
|
0-0: Called Strike 0-1: Ball 1-1: Foul Ball, location: 2F 1-2: Fly out, F9 (Flyball, 9LS, EV 86.3 MPH)
|
|
Batting: SHB Danny Torres
|
0-0: Called Strike 0-1: Swinging Strike 0-2: Strikes out swinging
|
|
Batting: RHB Craig Walck
|
0-0: Ball 1-0: Called Strike 1-1: Fly out, F8 (Line Drive, 8LD, EV 110.6 MPH)
|
| Top of the 6th over - 0 runs, 1 hit, 0 errors, 3 left on base; Winston-Salem 0 - Greensboro 11 |
| BOTTOM OF THE 6TH |
|
Greensboro Hornets batting - Pitching for Winston-Salem Spirits : LHP Ernie Ramirez
|
|
Batting: RHB Lindon Duncan
|
0-0: Ball 1-0: Called Strike 1-1: Swinging Strike 1-2: Strikes out swinging
|
|
Batting: RHB Jim Bishop
|
0-0: Called Strike 0-1: Foul Ball, location: 2F 0-2: Ball 1-2: Ball 2-2: DOUBLE (Groundball, 3L, EV 96.9 MPH)
|
|
Batting: RHB John Lohse
|
0-0: Called Strike 0-1: Ball 1-1: Ground out 6-3 (Groundball, 6, EV 108.8 MPH)
|
|
Batting: SHB Porter Wyatt
|
0-0: Ball 1-0: Ground out 4-3 (Groundball, 4S, EV 83.8 MPH)
|
| Bottom of the 6th over - 0 runs, 1 hit, 0 errors, 1 left on base; Winston-Salem 0 - Greensboro 11 |
| TOP OF THE 7TH |
|
Winston-Salem Spirits batting - Pitching for Greensboro Hornets : LHP Michael Vickers
|
|
Batting: RHB Angelo Ross
|
0-0: Foul Ball, location: 2F 0-1: Ball 1-1: Ball 2-1: Foul Ball, location: 2F 2-2: Ball 3-2: Fly out, F7 (Flyball, 7, EV 91.9 MPH)
|
|
Batting: RHB Paul Niggebrugge
|
0-0: Foul Ball, location: 2F 0-1: Foul Ball, location: 2F 0-2: Foul Ball, location: 2F 0-2: Ball 1-2: Ball 2-2: Fly out, F8 (Flyball, 8RM, EV 82.5 MPH)
|
|
Pinch Hitting: RHB Rich Jendra
|
0-0: Ball 1-0: Called Strike 1-1: Ball 2-1: Foul Ball, location: 2F 2-2: Ground out 4-3 (Groundball, 4, EV 88.8 MPH)
|
| Top of the 7th over - 0 runs, 0 hits, 0 errors, 0 left on base; Winston-Salem 0 - Greensboro 11 |
| BOTTOM OF THE 7TH |
|
Greensboro Hornets batting - Pitching for Winston-Salem Spirits : LHP Ernie Ramirez
|
|
Now at 1B: Carl Gardner
|
|
|
Batting: RHB Jay Greb
|
0-0: Ball 1-0: Foul Ball, location: 2F 1-1: Called Strike 1-2: Ball 2-2: Foul Ball, location: 2F 2-2: Ground out 2-3 (Groundball, 2R, EV 67.5 MPH)
|
|
Batting: RHB Douglas Foster
|
0-0: Ball 1-0: Swinging Strike 1-1: Fly out, F8 (Flyball, 8LD, EV 98.8 MPH)
|
|
Pinch Hitting: RHB Greg Jackson
|
0-0: Swinging Strike 0-1: Ball 1-1: Called Strike 1-2: Foul Ball, location: 2F 1-2: Ball 2-2: Strikes out swinging
|
| Bottom of the 7th over - 0 runs, 0 hits, 0 errors, 0 left on base; Winston-Salem 0 - Greensboro 11 |
| TOP OF THE 8TH |
|
Winston-Salem Spirits batting - Pitching for Greensboro Hornets : LHP Michael Vickers
|
|
Now at 1B: Greg Jackson
|
|
|
Batting: RHB Carlos Rios
|
0-0: Called Strike 0-1: Ground out 6-3 (Groundball, 56, EV 86.9 MPH)
|
|
Batting: RHB Chuckie Canady
|
0-0: Swinging Strike 0-1: Swinging Strike 0-2: Ball 1-2: Foul Ball, location: 2F 1-2: Strikes out swinging
|
|
Batting: RHB William Lockwood
|
0-0: Ball 1-0: Ball 2-0: Ball 3-0: Called Strike 3-1: Foul Ball, location: 2F 3-2: Strikes out looking
|
| Top of the 8th over - 0 runs, 0 hits, 0 errors, 0 left on base; Winston-Salem 0 - Greensboro 11 |
| BOTTOM OF THE 8TH |
|
Greensboro Hornets batting - Pitching for Winston-Salem Spirits : LHP Ernie Ramirez
|
|
Batting: LHB John Hughes
|
0-0: Fly out, F3 (Flyball, 3D, EV 79.4 MPH)
|
|
Batting: LHB Stephen DeMatties
|
0-0: Ball 1-0: Called Strike 1-1: Ball 2-1: Ground out 4-3 (Groundball, 4, EV 86.3 MPH)
|
|
Batting: RHB Lindon Duncan
|
0-0: Ball 1-0: Ball 2-0: Ball 3-0: Called Strike 3-1: Base on Balls
|
|
Batting: RHB Jim Bishop
|
0-0: Called Strike 0-1: Called Strike 0-2: Fly out, F3 (Popup, 3SF, EV 75.6 MPH)
|
| Bottom of the 8th over - 0 runs, 0 hits, 0 errors, 1 left on base; Winston-Salem 0 - Greensboro 11 |
| TOP OF THE 9TH |
|
Winston-Salem Spirits batting - Pitching for Greensboro Hornets : LHP Michael Vickers
|
|
Pitching: RHP Mike Couchee
|
|
|
Batting: RHB Jeffrey Smith
|
0-0: Foul Ball, location: 2F 0-1: Called Strike 0-2: Ball 1-2: Ball 2-2: Ball 3-2: Base on Balls
|
|
Batting: SHB Danny Torres
|
0-0: Fly out, F8 (Flyball, 8RM, EV 92.5 MPH)
|
|
Pinch Hitting: RHB Francisco Vilorio
|
0-0: Foul Ball, location: 2F 0-1: Swinging Strike 0-2: Fielders Choice at 2nd, 4-6 (Groundball, 4, EV 81.9 MPH)
|
|
Batting: RHB Angelo Ross
|
0-0: Ball 1-0: Ball 2-0: Ball 3-0: Called Strike 3-1: Foul Ball, location: 2F 3-2: Fly out, F8 (Flyball, 78D, EV 103.1 MPH)
|
| Top of the 9th over - 0 runs, 0 hits, 0 errors, 1 left on base; Winston-Salem 0 - Greensboro 11 |
|